 Dungeon Crawl Stone Soup version 0.29.0-15-g675c0067aa (webtiles) character file.

Game seed: 4860600087755143782

354 qw the Chopper (level 6, -2/38 HPs)
             Began as a Gargoyle Delver on Sept 11, 2022.
             Killed by divine providence
             ... invoked by an orc priest
              (11 damage)
             ... on level 5 of the Dungeon.
             The game lasted 00:01:40 (4268 turns).

qw the Chopper (Gargoyle Delver)                    Turns: 4268, Time: 00:01:41

Health: -2/38      AC: 14    Str: 18    XL:     6   Next: 62%
Magic:  6/6        EV:  7    Int: 10    God:
Gold:   187        SH:  0    Dex: 11    Spells: 5/5 levels left

rFire   . . .      SeeInvis +   Y - +0 hand axe
rCold   . . .      Faith    .   (no shield)
rNeg    + . .      Spirit   .   d - +0 chain mail
rPois   inf        Reflect  .   (no helmet)
rElec   +          Harm     .   i - +0 cloak
rCorr   .          Rampage  .   (no gloves)
Will    .....                   (no boots)
Stlth   ..........              (no amulet)
HPRegen 0.12/turn               l - ring of see invisible
MPRegen 0.10/turn               (no ring)

@: no status effects
A: sickness immunity, AC +4, negative energy resistance 1, electricity
resistance, torment resistance 1, petrification resistance
a: no special abilities


You were on level 5 of the Dungeon.
You visited 1 branch of the dungeon, and saw 5 of its levels.

You collected 187 gold pieces.


Innate Abilities, Weirdness & Mutations

You are immune to sickness and miasma.
Your stone body is resilient. (AC +4)
You are immune to poison.
You resist negative energy. (rN+)
You are resistant to electric shocks. (rElec)
You are resistant to unholy torment.
You are immune to petrification.


   Skills:
 - Level 4.0 Fighting
 + Level 5.6 Axes
 - Level 2.0 Armour
 - Level 1.5 Dodging
 - Level 5.4 Stealth


You had 5 spell levels left.
You didn't know any spells.
Your spell library was empty.

Inventory:

Hand Weapons
 h - a +0 flail
 Y - a +0 hand axe (weapon)
Armour
 d - a +0 chain mail (worn)
 i - a +0 cloak (worn)
Jewellery
 b - a ring of ice
 l - a ring of see invisible (left hand)
Wands
 g - a wand of digging (3)
Scrolls
 a - 2 scrolls of identify
Potions
 c - a potion of might
 f - 2 potions of haste

Dungeon Overview and Level Annotations

Branches:
Dungeon (5/15)
 Temple: D:4-7

Altars:

Annotations:
D:3 Ijyb


Message History

You hit the orc priest. You hit the orc but do no damage. You hit the orc.
You kill the orc!
The orc wizard hits you but does no damage.
The orc hits you but does no damage.
The orc priest hits you but does no damage.
The hound bites you.
You barely miss the orc wizard.
The orc wizard is almost dead.
You hit the orc. You miss the hound.
You hit the orc priest but do no damage.
The hound closely misses you.
The orc priest miscasts a cantrip.
The orc wizard hits you but does no damage.
The orc priest closely misses you. The orc hits you but does no damage.
The hound barely misses you.
The orc priest hits you with a +0 hand axe.
The orc wizard mumbles some strange words.
The orc wizard flickers and vanishes for a moment.
The orc hits you but does no damage.
You hit the orc wizard.
You kill the orc wizard!
You slash the orc priest!
You kill the orc priest!
You hit the orc.
You kill the orc!
You hit the hound. The hound barely misses you.
You hit the hound but do no damage.
The hound is lightly wounded.
You hit the orc priest but do no damage.
The hound bites you but does no damage. The hound barely misses you.
The orc priest invokes the aid of Beogh against you.
Beogh smites you!
You hit the hound.
The hound is moderately wounded.
You hit the orc priest. The hound barely misses you.
The orc priest calls down the wrath of Beogh upon you.
Beogh smites you!
You die...

#######
#.##....<##
#.........#
.####@)#.#
#....)oh..#
#..###.####
# ... ....
#..#.. ...
.. #### #.#


You could see a hound and an orc priest.

Vanquished Creatures
  A scorpion (D:4)
  A hound (D:5)
  A jelly (D:5)
  An orc priest (D:5)
  An iguana (D:4)
  An orc wizard (D:5)
  4 gnolls (D:4)
  5 adders
  A white imp (D:5)
  4 dart slugs
  2 orcs (D:5)
  3 bats
  4 endoplasms
  3 giant cockroaches
  9 goblins
  7 hobgoblins
  A quokka (D:1)
  7 ball pythons
  4 frilled lizards
  4 kobolds
  4 rats
68 creatures vanquished.

Vanquished Creatures (others)
  3 plants (D:2)
3 creatures vanquished.

Grand Total: 71 creatures vanquished

Notes
Turn   | Place    | Note
-------+----------+-------------------------------------------
     0 | D:5      | qw the Gargoyle Delver began the quest for the Orb.
     0 | D:5      | Reached XP level 1. HP: 14/14 MP: 1/1
     0 | D:5      | 0 ||| qw: Version: 0.1-a-117-gfe26ee0
     0 | D:5      | 0 ||| qw: Game counter: 9904
     0 | D:5      | 0 ||| qw: Always use a shield: true
     0 | D:5      | 0 ||| qw: God list: Okawaru
     0 | D:5      | 0 ||| qw: Allow faded altars: false
     0 | D:5      | 0 ||| qw: Do Orc after D:15 true
     0 | D:5      | 0 ||| qw: Do second Lair branch before Depths: true
     0 | D:5      | 0 ||| qw: Lair rune preference: random
     0 | D:5      | 0 ||| qw: Plans: Normal
     0 | D:5      | 0 ||| PLANNING D:1-11
    84 | D:5      | Noticed a hound
   106 | D:5      | Killed a hound
   107 | D:5      | Reached skill level 3 in Axes
   107 | D:5      | Reached XP level 2. HP: 5/19 MP: 2/2
   107 | D:5      | Reached XP level 3. HP: 7/23 MP: 3/3
   335 | D:5      | 335 ||| UPGRADING to +0 cloak.
   340 | D:5      | 340 ||| READING scroll labelled TIROTW DECLOMI.
   341 | D:5      | 341 ||| DROPPING scroll of fog.
   342 | D:5      | 342 ||| DROPPING scroll of magic mapping.
   343 | D:5      | 343 ||| DROPPING scroll of fear.
   401 | D:4      | Noticed a scorpion
   432 | D:4      | Killed a scorpion
   433 | D:4      | Reached XP level 4. HP: 20/28 MP: 4/4
   717 | D:4      | 717 ||| READING 2 scrolls labelled CACZOEHEJA.
   718 | D:4      | 718 ||| READING 2 scrolls of identify.
   718 | D:4      | 718 ||| IDENTIFYING inky potion
   719 | D:4      | 719 ||| DROPPING scroll of blinking.
   720 | D:4      | 720 ||| DROPPING potion of flight.
   762 | D:2      | 762 ||| Stepping ~*~*~tactically~*~*~ (stealth).
  1144 | D:2      | Reached XP level 5. HP: 29/32 MP: 5/5
  1391 | D:2      | 1391 ||| UPGRADING to +0 ring mail.
  1401 | D:2      | 1401 ||| DROPPING +0 leather armour.
  1402 | D:2      | 1402 ||| DROPPING amulet of magic regeneration.
  1403 | D:2      | 1403 ||| UPGRADING to ring of see invisible.
  1404 | D:2      | 1404 ||| READING scroll labelled REIW CE MO ETU.
  1405 | D:2      | 1405 ||| DRINKING 2 purple potions.
  1406 | D:2      | 1406 ||| DRINKING 2 fuming puce potions.
  1407 | D:2      | 1407 ||| READING 2 scrolls of identify.
  1407 | D:2      | 1407 ||| IDENTIFYING coppery potion
  1408 | D:2      | 1408 ||| DROPPING potion of attraction.
  1409 | D:2      | 1409 ||| DROPPING potion of degeneration.
  1616 | D:1      | 1616 ||| Stepping ~*~*~tactically~*~*~ (stealth).
  1620 | D:1      | 1620 ||| Stepping ~*~*~tactically~*~*~ (stealth).
  1621 | D:1      | 1621 ||| Stepping ~*~*~tactically~*~*~ (stealth).
  1623 | D:1      | 1623 ||| Stepping ~*~*~tactically~*~*~ (stealth).
  1718 | D:1      | 1718 ||| DROPPING +0 club.
  1866 | D:1      | 1866 ||| Stepping ~*~*~tactically~*~*~ (stealth).
  1889 | D:1      | Reached skill level 1 in Armour
  2253 | D:1      | 2253 ||| UPGRADING to +0 scale mail.
  2263 | D:1      | 2263 ||| DROPPING +0 ring mail.
  2264 | D:1      | 2264 ||| READING scroll labelled BIER NULUWOELITS.
  2265 | D:1      | 2265 ||| READING scroll labelled KUYPU CUSMIOWI.
  2266 | D:1      | 2266 ||| READING 2 scrolls labelled WISHATAIXT.
  2271 | D:1      | 2271 ||| READING 3 scrolls of identify.
  2271 | D:1      | 2271 ||| IDENTIFYING yellow potion
  2604 | D:3      | 2604 ||| Stepping ~*~*~tactically~*~*~ (stealth).
  2607 | D:3      | 2607 ||| Stepping ~*~*~tactically~*~*~ (stealth).
  2759 | D:3      | 2759 ||| UPGRADING to +0 chain mail.
  2769 | D:3      | 2769 ||| DROPPING +0 scale mail.
  3013 | D:4      | HP: 1/32 [iguana (8)]
  3014 | D:4      | 3014 ||| READING 2 scrolls of teleportation.
  3015 | D:4      | 3015 ||| DRINKING potion of heal wounds.
  3333 | D:4      | 3333 ||| READING 4 scrolls of identify.
  3333 | D:4      | 3333 ||| IDENTIFYING lumpy brown potion
  3334 | D:4      | 3334 ||| READING 3 scrolls of identify.
  3334 | D:4      | 3334 ||| IDENTIFYING viscous ruby potion
  3335 | D:4      | 3335 ||| DROPPING potion of brilliance.
  3387 | D:3      | Noticed Ijyb
  3398 | D:3      | HP: 6/32 [Ijyb/puff of flame (4)]
  3399 | D:3      | 3399 ||| READING scroll of teleportation.
  3786 | D:4      | Reached XP level 6. HP: 19/37 MP: 6/6
  3793 | D:4      | HP: 9/38 [gnoll/+0 spear (5)]
  3798 | D:4      | HP: 6/38 [gnoll/+0 spear (3)]
  4068 | D:4      | 4068 ||| DROPPING +0 mace.
  4158 | D:5      | 4158 ||| STAIRDANCE
  4260 | D:5      | 4260 ||| DRINKING potion of curing.
  4260 | D:5      | 4260 ||| (to cure confusion)
  4267 | D:5      | HP: 9/38 [orc priest/divine providence (10)]
  4268 | D:5      | Killed from afar by an orc priest

Levels and vault maps discovered:
D:1:      dpeg_arrival_ternary, layout_basic
D:2:      layout_basic, serial_bayou_crossing
D:3:      layout_basic, shapermc_ecumenical_altar_mp_highgroup, uniq_ijyb
D:4:      layout_basic
D:5:      layout_basic, ebering_dispersal_statue_hall, serial_bayou_pond_e,
          uniq_blork_the_orc

Skill      XL: |  1  2  3  4  5  6 |
---------------+-------------------+-----
Axes           | 3 4 5 |  5.6
Armour         | 2 |  2.0
Fighting       | 4 |  4.0
Dodging        | |  1.5
Stealth        | |  5.4

Action                   |  1- 3 |  4- 6 || total
-------------------------+-------+-------++-------
Melee: Hand axe          |    35 |   245 ||   280
       Punch             |     1 |     2 ||     3
  Use: Scroll            |     1 |    12 ||    13
       Potion            |       |     4 ||     4
 Stab: Sleeping          |       |     5 ||     5
Armor: Leather armour    |    13 |    20 ||    33
       Chain mail        |       |    77 ||    77
       Ring mail         |       |    25 ||    25
       Scale mail        |       |    24 ||    24
Dodge: Dodged            |    25 |   128 ||   153

Table legend:
 A = Non-vault XP
 B = Vault XP
 C = Vault XP percentage of total XP
 D = Non-vault monster count
 E = Vault monster count
 F = Vault count percentage of total count
                 A         B        C        D         E       F
            +---------+---------+-------+---------+---------+-------
      Total |     506 |       0 |   0.0 |      68 |       0 |   0.0
            +---------+---------+-------+---------+---------+-------
        D:1 |      42 |       0 |   0.0 |      22 |       0 |   0.0
        D:2 |      38 |       0 |   0.0 |      15 |       0 |   0.0
        D:3 |      44 |       0 |   0.0 |       7 |       0 |   0.0
        D:4 |     205 |       0 |   0.0 |      17 |       0 |   0.0
        D:5 |     177 |       0 |   0.0 |       7 |       0 |   0.0
            +---------+---------+-------+---------+---------+-------
